 Dungeon Sprint DCSS version 0.31-a0-986-g5e6e4ef867 (webtiles) character file.

Game seed: 11655237930074485465

9 rocky1 the Ruffian (level 2, 0/34 (37) HPs)
             Began as a Naga Shapeshifter on Nov 4, 2023.
             Was an Initiate of Gozag.
             Slain by a necrophage (5 damage)
             ... in the Dungeon (Sprint VII: "The Pits").
             The game lasted 00:01:12 (173 turns).

rocky1 the Ruffian (Naga Shapeshifter)               Turns: 173, Time: 00:01:13

HP:   0/34 (37)     AC:  1    Str: 16    XL:     2   Next: 12%
MP:   2/2           EV: 10    Int: 10    God:    Gozag
Gold: 378           SH:  0    Dex: 10    Spells: 1/1 levels left

rFire   . .          .
                       - Unarmed
rCold   . . .        (no shield)
rNeg    . . .        a - +0 animal skin
rPois   +            (helmet currently unavailable)
rElec   .            (cloak currently unavailable)
rCorr   .            (gloves currently unavailable)
SInv    +            (no barding)
Will    .....        (no amulet) Stlth
                     (no ring)
HPRegen 0.25/turn    (no ring)
MPRegen 0.08/turn

%: no teleportation
@: berserking, beast-form, drained, quick
A: beast (slay +2), AC +0, large, see invisible, deformed body, poison
resistance, slowness 2, spit poison 1, naga tail 1
a: Spit Poison, Begin Untransformation, Renounce Religion, Potion Petition, Call
Merchant, Bribe Branch


You were in the Dungeon.
You worshipped Gozag.
Gozag was aware of your devotion.
You were a hulking beast.
You visited 1 branch You collected 378 gold pieces.

Inventory:

Armour
 a - a +0 animal skin (worn)
Talismans
 c - a beast talisman
 d - a flux talisman
Scrolls
 j - a scroll of blinking
 l - 2 scrolls of vulnerability
 m - 5 scrolls of amnesia
 n - a scroll of butterflies
Potions
 b - a potion of lignification
 e - a potion of curing
 f - a potion of heal wounds
 g - a potion of haste
 h - 4 potions of magic
 i - 2 potions of berserk rage
 k - 2 potions of invisibility


   Skills:
 + Level 1.0 Fighting
 + Level 1.8 Dodging
 * Level 4.1 Unarmed Combat
 + Level 3.8 Shapeshifting


You had one spell level left.
You didn't know any spells.
Your spell library was empty.

Dungeon Overview and Level Annotations

Branches:
Dungeon (1/1)

Altars:
Ashenzari
Cheibriados
Dithmenos
Elyvilon
Fedhas
Gozag
Hepliaklqana
Kikubaaqudgha
Makhleb
Nemelex Xobeh
Okawaru
Qazlal
Ru
Sif Muna
Trog
Uskayaw
Vehumet
Wu Jian
Xom
Yredelemnul
Zin
The Shining One
Jiyva
Lugonu


Innate Abilities, Weirdness & Mutations

You are a hulking beast.
Your limbs bulge with bestial killing power. (Slay +2)
Your serpentine skin is tough. (AC +0)
You have supernaturally acute eyesight. (SInv)
Armour fits poorly on your strangely shaped body.
Your system is resistant to poisons. (rPois)
You cover ground very slowly.
You can spit poison.
You have a snake-like lower body.


Message History

You kill the quokka!
You have reached level 2!
There is an open door here.
You see here 63 gold pieces.
The goblin closely misses you.
There is an open door here.
You see here 63 gold pieces.
The goblin attacks as it pursues you! The goblin closely misses you.
You punch the goblin!
You kill the goblin!
Your Unarmed Combat skill increases to level 4!
You now have 378 gold pieces (gained 99).
There is an open door here.
You see here a +0 club.
A necrophage and a glass eye come into view.
The necrophage is distracted by your dazzling golden aura.
There is an open door here.
You see here a +0 club.
There is an open door here.
You see here a +0 club.
You start waiting.
A necrophage is nearby!
The necrophage hits you. x2; You feel drained.
There is an open door, spattered with blood here.
You see here a +0 club.
The necrophage attacks as it pursues you!
The necrophage hits you.
You feel drained.
A red film seems to cover your vision as you go berserk!
You feel yourself moving faster!
You feel mighty! The necrophage hits you.
You barely miss the necrophage. The necrophage barely misses you.
You completely miss the necrophage. You hit the necrophage.
The necrophage is lightly damaged.
The necrophage hits you!
* * * LOW HITPOINT WARNING * * *
You punch the necrophage!
The necrophage is heavily damaged.
The necrophage hits you.
You die...
Your body crumbles into a pile of gold.

#..(.')))'.##......#.
##########.##........
#...........'........
#+#####'#####......#.
#..#..# #........
#..)..# ####'####
#..#### #.......#
#..#.G# #.......#
#.h#..# #.......#
##n#n.#+###...<...#
#........##.......#
#........##.......#
###########.......#
#########


You could see a necrophage.

Vanquished Creatures
  An endoplasm (D)
  2 giant cockroaches (D)
  A goblin (D)
  A quokka (D)
  2 frilled lizards (D)
  A kobold (D)
8 creatures vanquished.

Notes
Turn   | Place    | Note
-------+----------+-------------------------------------------
     0 | D        | rocky1 the Naga Shapeshifter began the quest for the Orb.
     0 | D        | Reached XP level 1. HP: 18/18 MP: 1/1
    45 | D        | Found a bloodstained altar of Trog.
    45 | D        | Found a shimmering blue altar of Sif Muna.
    45 | D        | Found a viscous altar of Jiyva.
    45 | D        | Found a hazy altar of Hepliaklqana.
    45 | D        | Found an opulent altar of Gozag.
    46 | D        | Found a glowing golden altar of the Shining One.
    46 | D        | Found a glowing silver altar of Zin.
    46 | D        | Found a basalt altar of Yredelemnul.
    46 | D        | Found a shimmering altar of Xom.
    46 | D        | Found an ornate altar of the Wu Jian Council.
    46 | D        | Found a sacrificial altar of Ru.
    46 | D        | Found a stormy altar of Qazlal.
    46 | D        | Found an iron altar of Okawaru.
    46 | D        | Found a sparkling altar of Nemelex Xobeh.
    46 | D        | Found a burning altar of Makhleb.
    46 | D        | Found a blossoming altar of Fedhas.
    46 | D        | Found a white marble altar of Elyvilon.
    46 | D        | Found a shadowy altar of Dithmenos.
    46 | D        | Found a snail-covered altar of Cheibriados.
    49 | D        | Found a corrupted altar of Lugonu.
    49 | D        | Found a radiant altar of Vehumet.
    50 | D        | Found an ancient bone altar of Kikubaaqudgha.
    50 | D        | Found a hide-covered altar of Uskayaw.
    50 | D        | Found a broken altar of Ashenzari.
    53 | D        | Became a worshipper of Gozag Ym Sagoz the Greedy
   130 | D        | Reached XP level 2. HP: 24/25 MP: 2/2
   135 | D        | Reached skill level 4 in Unarmed Combat
   138 | D        | Noticed a necrophage
   138 | D        | Noticed a glass eye
   173 | D        | Slain by a necrophage

Illustrated notes

Levels and vault maps discovered:
D:        pitsprint [storerooms_1, entrance_room_1, metal_vault_6, armoury_2,
          mini_pit_1, grid_room_1, main_hall_1, silver_pit, the_coven_1,
          the_vestibule_1, steel_vault_2, golden_pit, hallway_of_sentries,
          crystal_vault_2, iron_vault_1, final_vault]

Skill      XL: |  1  2 |
---------------+-------+-----
Unarmed Combat | 4 |  4.1
Fighting       | |  1.0
Dodging        | |  1.8
Shapeshifting  | |  3.8

Action                     || total
---------------------------++-------
  Melee: Unarmed           ||    25
    Use: Potion            ||     1
 Armour: Animal skin       ||    16
  Dodge: Dodged            ||     8

Table legend: (Time is in decaauts)
 A = Elapsed time spent in this place.
 B = Non-inter-level travel time spent in this place.
 C = Inter-level travel time spent in this place.
 D = Time resting spent in this place.
 E = Time spent auto-exploring this place.
 F = Levels seen in this place.
 G = Mean time per level.
                   A        B        C        D        E       F      G
               +--------+--------+--------+--------+--------+-----+--------+
         Total |    203 |    203 |      0 |     46 |      0 |   1 |  203.0 |
       Dungeon |    203 |    203 |      0 |     46 |      0 |   1 |  203.0 |
               +--------+--------+--------+--------+--------+-----+--------+

Top non-repeatable levels by time:
       D: 203 daAuts
